[Event "*** Titled Tuesday Blitz"]
[Site "Chess.com"]
[Date "2020.04.28"]
[Round "6"]
[White "Generalas"]
[Black "benko_008"]
[Result "1-0"]
[WhiteElo "2377"]
[BlackElo "2499"]
[TimeControl "180+1"]
[EndTime "11:07:49 PDT"]
[Termination "Generalas won on time"]

1. Nf3 d5 2. g3 c6 3. Bg2 Bg4 4. b3 Nd7 5. Bb2 e6 6. O-O Ngf6 7. c4 Be7 8. d3 O-O 9. Nbd2 a5 10. a3 Qb6 11.
Qc2 Rfc8 12. Rab1 Qd8 13. h3 Bh5 14. g4 Bg6 15. Nh4 Ne8 16. Nxg6 hxg6 17. e3 b5 18.
Rbc1 Rab8 19. e4 bxc4 20. bxc4 Nc5 21. d4 Nxe4 22. Nxe4 dxe4 23. Bxe4 Nd6 24. Bd3 Bg5 25. Rb1 Bf4 26. Bc3 Qh4 27. Kg2 Ne8 28. Bxa5 Ra8 29. Bb4 Qf6 30. Bc5 e5 31. Be4 exd4 32. Rfd1 Be5 33. Qd2 Nc7 34. Bxd4 Ne6 35. Be3 Rd8 36. g5 Qe7 37. Qe2 Nxg5 38. Bxc6 Rac8 39. Bd5 Ne6 40. Qg4 f5 41. Qxg6 Rd6 42. Rb7 Qe8 43. Qxf5 Kh8 44. Bxe6 Rxe6 45. Rdd7 Rg6+ 46. Kf1 Rxc4 47. Qh5+ Kg8 48.
Qd1 Rc5 49. Qd3 Rc1+ 50. Bxc1 1-0

[Event "*** Titled Tuesday Blitz"]
[Site "Chess.com"]
[Date "2020.04.28"]
[Round "6"]
[White "eightbyeightchess"]
[Black "vanea_03"]
[Result "1/2-1/2"]
[WhiteElo "2497"]
[BlackElo "2669"]
[TimeControl "180+1"]
[EndTime "11:07:50 PDT"]
[Termination "Game drawn by repetition"]

1. e4 e5 2. Nf3 Nc6 3. Bb5 a6 4. Ba4 Nf6 5. d4 exd4 6. O-O Be7 7. Re1 O-O 8. e5 Ne8 9. c3 d3 10. Qxd3 d6 11. Bc2 g6 12. Bh6 Ng7 13. exd6 Bxd6 14. Qd2 Bg4 15. Nd4 Qh4 16. g3 Nxd4 17.
Qxd4 Qxh6 18. Qxg4 Rae8 19. Rd1 f5 20. Qf3 f4 21. g4 Kh8 22. Nd2 Ne6 23. Ne4 Ng5 24.
Nxg5 Qxg5 25. Rd5 Re5 26. Rxe5 Qxe5 27. Rd1 Re8 28. Bb3 Kg7 29. Kg2 Qe4 30. Qxe4 Rxe4 31. Kf3 Re7 32. Rd2 a5 33. Re2 Rxe2 34. Kxe2 f3+ 35. Kxf3 Bxh2 36. Ke4 Kf6 37. f4 h6 38. Bc2 b6 39. b4 Bg3 40. bxa5 bxa5 41. c4 Bh2 42. a4 Bg3 43. Bd3 Bh2 44. c5 Bg1 45. c6 Bc5 46. Kd5 Bd6 47. f5 h5 48. gxh5 gxh5 49.
Ke4 h4 50. Bf1 Kg5 51. Bh3 Bb4 52. Kf3 Bd6 53. Ke4 Be7 54. Kf3 Bd6 55. Ke4 1/2-1/2

[Event "*** Titled Tuesday Blitz"]
[Site "Chess.com"]
[Date "2020.04.28"]
[Round "6"]
[White "walkingcreep"]
[Black "kleopl"]
[Result "1-0"]
[WhiteElo "2641"]
[BlackElo "2476"]
[TimeControl "180+1"]
[EndTime "11:07:50 PDT"]
[Termination "walkingcreep won by resignation"]

1. d4 Nf6 2. c4 g6 3. Nc3 d5 4. cxd5 Nxd5 5. e4 Nxc3 6. bxc3 c5 7. Nf3 Bg7 8. Be2 O-O 9. Be3 Nc6 10. O-O b6 11. e5 Bb7 12. h4 cxd4 13. cxd4 Nb4 14. h5 Nd5 15. hxg6 hxg6 16. Bd2 Qd7 17. Ng5 Rad8 18. Qb3 e6 19. Qh3 Rfe8 20. Qh7+ Kf8 21. Ne4 Qc6 22. Bf3 Qc4 23. Rad1 Qxd4 24. Bh6 Qxe5 25.
Qh8+ Ke7 26. Qxg7 Qxg7 27. Bxg7 f6 28. Rxd5 exd5 29. Nxf6 Kf7 30. Nxe8 Rxe8 31. Bd4 Rc8 32. Re1 Rc2 33. Re2 Rc4 34. Rd2 Ke6 35. g4 Rc1+ 36.
Kg2 Ba6 37. Kg3 Bc4 38. Kf4 Re1 39. Be3 Ra1 40. Kg5 Rxa2 41. Rxa2 Bxa2 42. Kxg6 Bb1+ 43. Kh6 Ke5 44. g5 d4 45. Bd2 a5 46. g6 a4 47. g7 Ba2 48. Bc6 d3 49. Bxa4 Kd4 50. Kh7 Bd5 51. g8=Q Bxg8+ 52. Kxg8 Kc5 53. Bd1 b5 54.
Kf7 Kd5 55. Bb3+ Ke4 56. Ke6 Kf3 57. Be3 d2 58. Bd1+ Kg2 59. f4 1-0

[Event "*** Titled Tuesday Blitz"]
[Site "Chess.com"]
[Date "2020.04.28"]
[Round "6"]
[White "FrogMist"]
[Black "mfwagnerpeixoto"]
[Result "0-1"]
[WhiteElo "2396"]
[BlackElo "2212"]
[TimeControl "180+1"]
[EndTime "11:07:50 PDT"]
[Termination "mfwagnerpeixoto won by checkmate"]

1. c4 Nf6 2. Nc3 c6 3. g3 d5 4.
Bg2 g6 5. Nf3 Bg7 6. O-O O-O 7.
d3 Na6 8. h3 d4 9. Ne4 Nxe4 10.
dxe4 Nc5 11. Ne1 f5 12. exf5 Bxf5 13. g4 Be6 14. Nd3 Nxd3 15. exd3 Bf7 16. b4 a5 17. b5 cxb5 18. cxb5 Rb8 19. Bg5 Bf6 20. Qd2 Bd5 21. Rae1 Bxg2 22. Bxf6 Bxh3 23. Bxe7 Qd5 24. Re4 Bxf1 25. Bxf8 Rxf8 26. Kxf1 Qxb5 27. Rxd4 Qb1+ 28. Kg2 Qb5 29. Re4 Qd5 30. Qe3 Re8 31. a4 Rxe4 32. dxe4 Qe5 33. Qb3+ Kg7 34. Qxb7+ Kh6 35.
Qd5 Qf4 36. f3 Qe3 37. Qxa5 Qe2+ 38. Kg3 Qf1 39. Qd2+ g5 40. Qd6+ Kg7 41. Qe7+ Kg6 42. Qe8+ Kg7 43. Qd7+ Kg6 44. Qc6+ Kg7 45. Qb7+ Kf6 46.
Qb6+ Ke7 47. Qe3 Qh1 48. Qxg5+ Ke6 49. Qf5+ Kd6 50. e5+ Kc6 51. Kf4 Qc1+ 52. Kg3 Qg1+ 53. Kh4 Qh2+ 54. Kg5 h6+ 55. Kf6 Kd5 56. e6+ Kd6 57.
Qe5+ Qxe5+ 58. Kg6 Qxe6+ 59. Kh5 Ke5 60. a5 Kf4 61. a6 Qf6 62. a7 Qg5# 0-1

[Event "*** Titled Tuesday Blitz"]
[Site "Chess.com"]
[Date "2020.04.28"]
[Round "6"]
[White "atalz0"]
[Black "Ali_rastbod"]
[Result "0-1"]
[WhiteElo "2433"]
[BlackElo "2594"]
[TimeControl "180+1"]
[EndTime "11:07:51 PDT"]
[Termination "Ali_rastbod won by resignation"]

1. d4 Nf6 2. c4 e6 3. Nc3 Bb4 4. Qc2 d5 5. cxd5 Qxd5 6. Nf3 Qf5 7. Qxf5 exf5 8. a3 Be7 9. Bf4 c6 10. e3 Be6 11. Bd3 Nbd7 12. h3 g6 13. Ke2 O-O 14. Bg5 Rfe8 15. b4 Nd5 16. Rhc1 Nxc3+ 17. Rxc3 Bd5 18. Bxe7 Rxe7 19. g3 Rc8 20. Rac1 Nb6 21. b5 Na4 22. R3c2 Bb3 23. Rd2 Rec7 24. Ne5 cxb5 25. Rxc7 Rxc7 26. Bxb5 Nc3+ 27. Kd3 Nxb5 28. Rb2 Rc3+ 29. Kd2 a5 30. a4 Bxa4 31. Rxb5 Rc2+ 32. Kd3 Bxb5+ 33. Kxc2 f6 34. Nf3 Kf7 35. Kc3 Ke6 36. Nd2 b6 37. h4 Kd5 38. f3 Be2 39. e4+ fxe4 40. fxe4+ Kd6 41. Kb3 b5 42. Kc3 b4+ 43. Kb3 f5 44. e5+ Kd5 45. Ka4 Kxd4 46. e6 g5 47. e7 Bh5 48. Nb3+ Kc3 49. hxg5 Be8+ 50.
Kxa5 Kxb3 0-1

[Event "*** Titled Tuesday Blitz"]
[Site "Chess.com"]
[Date "2020.04.28"]
[Round "6"]
[White "Firehand33"]
[Black "NiranjanNavalgund"]
[Result "1-0"]
[WhiteElo "2756"]
[BlackElo "2491"]
[TimeControl "180+1"]
[EndTime "11:07:52 PDT"]
[Termination "Firehand33 won by resignation"]

1. g3 e5 2. Bg2 d5 3. d3 f5 4.
Nf3 Bd6 5. c4 dxc4 6. Qa4+ Bd7 7. Qxc4 Qe7 8. Nc3 c6 9. O-O Nf6 10. e4 Be6 11. Qa4 fxe4 12. Nxe4 Nxe4 13. Qxe4 Nd7 14. Bg5 Nf6 15. Bxf6 gxf6 16. Nh4 Qd7 17. d4 O-O-O 18. dxe5 fxe5 19. Rac1 Kb8 20. Rfd1 Bd5 21. Qe2 Bxg2 22. Nxg2 h5 23. h4 Qc7 24. Ne3 Rdf8 25.
Nc4 Bc5 26. Ne3 Bd4 27. Kg2 Rf7 28. Rf1 Rhf8 29. Qxh5 Qb6 30. Qe2 e4 31. Nc4 Qb5 32. Qxe4 Rxf2+ 33. Rxf2 Rxf2+ 34. Kh3 Qc5 35. b4 Qd5 36.
Qxd5 cxd5 37. Nd6 a6 38. Rd1 Bc3 39. a3 d4 40. Ne4 Rf3 41. h5 Bb2 42. Kg4 Rxa3 43.
h6 d3 44. Kf5 a5 45. bxa5 Rxa5+ 46. Kf4 Rd5 47. g4 b5 48. g5 b4 49. g6 b3 50.
g7 Rd8 51. Rxd3 Bc1+ 52. Kf5 Rxd3 53. g8=Q+ Ka7 54. Qf7+ Kb6 55. Qc4 Rf3+ 56. Kg4 Rf4+ 57. Kg3 b2 58. Qb3+ Kc6 59. Nc3 Rf5 60. Qe6+ Kc7 61.
Qxf5 Bd2 62. Qc2 Bxc3 63. Qxc3+ Kd7 64. Qxb2 1-0

[Event "*** Titled Tuesday Blitz"]
[Site "Chess.com"]
[Date "2020.04.28"]
[Round "6"]
[White "AndrewDGreen"]
[Black "szefru"]
[Result "0-1"]
[WhiteElo "2273"]
[BlackElo "2133"]
[TimeControl "180+1"]
[EndTime "11:07:52 PDT"]
[Termination "szefru won on time"]

1. e4 Nf6 2. e5 Nd5 3. d4 d6 4. exd6 exd6 5. c4 Nb6 6. Nc3 Be7 7. Bd3 O-O 8. Nge2 Bf6 9. O-O Nc6 10. Be3 Bg4 11.
f3 Bh5 12. b3 Re8 13. Be4 Bg6 14. Qd2 Qd7 15. Rae1 Bh4 16. g3 Bf6 17. Bf2 Rad8 18. Nf4 Bg5 19. h4 Bxf4 20. Qxf4 Bxe4 21. fxe4 Ne7 22. h5 Qh3 23. g4 Qxc3 24. Bh4 Qxd4+ 25. Kh1 f6 26. g5 Nd7 27. Rg1 Qe5 28. Qg4 f5 29. exf5 Qxf5 30. Rxe7 Qxg4 31. Rxe8+ Rxe8 32. Rxg4 Re2 33. Rg2 Re5 34. Bf2 b6 35. Bd4 Rf5 36. h6 g6 37. Kh2 Ne5 38. Bxe5 Rxe5 39. Kh3 Kf7 40. Kg4 Ke7 41. Kf4 Rf5+ 42. Kg4 c5 43.
Re2+ Kd7 44. Rd2 Ke6 45. Re2+ Re5 46. Rf2 Re4+ 47. Kg3 Re5 48. Kg4 Rf5 49. Re2+ Kd7 50. Rd2 a5 51. a4 Kc6 52. Re2 d5 53. Re6+ Kd7 54. cxd5 Rxd5 55. Rxb6 Rd4+ 56. Kf3 Rb4 57.
Rxb4 cxb4 58. Ke4 Ke6 59. Kd4 Kf5 0-1

[Event "*** Titled Tuesday Blitz"]
[Site "Chess.com"]
[Date "2020.04.28"]
[Round "6"]
[White "kakakz"]
[Black "Valuebet2000"]
[Result "0-1"]
[WhiteElo "2403"]
[BlackElo "2577"]
[TimeControl "180+1"]
[EndTime "11:07:53 PDT"]
[Termination "Valuebet2000 won by resignation"]

1. d4 d5 2. Nf3 Nf6 3. c4 e6 4. g3 Be7 5. Bg2 O-O 6. Nc3 dxc4 7.
Ne5 Nc6 8. Bxc6 bxc6 9. Nxc6 Qe8 10. Nxe7+ Qxe7 11. Qa4 c5 12. Qxc4 Bb7 13. O-O cxd4 14. Qxd4 e5 15. Qh4 Qe6 16. e4 Rfd8 17. Bg5 Rd3 18.
Rad1 Rad8 19. Bxf6 Qxf6 20. Qxf6 gxf6 21. Nd5 Rxd1 22.
Rxd1 Kf8 23. f3 f5 24. Kf2 fxe4 25. fxe4 f5 26. Ke3 fxe4 27. Nc3 Rb8 28. Rd7 Bc6 29. Rd6 Be8 30. b3 Bg6 31. Nxe4 Rb4 32. Nc3 Rb7 33.
Rd5 Rc7 34. Ne4 Rc2 35. Rxe5 Rxa2 36. h4 Rb2 37. Nc5 Rc2 38. h5 Bf7 39. g4 h6 40. Kd3 Rg2 41. Re4 Kg7 42. Rf4 Rg3+ 43. Kd4 Bxb3 44. Nxb3 Rxb3 45. Ke4 Rb4+ 46. Kf3 Rxf4+ 47.
Kxf4 Kf6 48. Ke4 Kg5 49. Kf3 a5 50. Ke3 a4 51. Kd4 a3 52. Kc3 Kxg4 53. Kb3 Kxh5 54. Kxa3 Kg4 0-1

[Event "*** Titled Tuesday Blitz"]
[Site "Chess.com"]
[Date "2020.04.28"]
[Round "6"]
[White "Olga_Zhuravleva"]
[Black "Winehouse83"]
[Result "1-0"]
[WhiteElo "2262"]
[BlackElo "2518"]
[TimeControl "180+1"]
[EndTime "11:07:53 PDT"]
[Termination "Olga_Zhuravleva won by resignation"]

1. e4 c5 2. Nf3 e6 3. d4 cxd4 4. Nxd4 Nc6 5. Nc3 Qc7 6. f4 a6 7.
Nxc6 bxc6 8. Qf3 d5 9. Bd3 Nf6 10. e5 Nd7 11. O-O Bc5+ 12. Kh1 O-O 13. Bd2 f5 14.
exf6 Rxf6 15. Qh3 Rh6 16. Qg3 Nf6 17. Ne2 Bd6 18. h3 c5 19. c3 Bb7 20. Rae1 Re8 21. Ng1 Nh5 22. Qg4 Nf6 23. Qg3 Qf7 24. Nf3 Nh5 25. Qg4 Nxf4 26. Ng5 Qh5 27. Qxh5 Nxh5 28.
Nf7 Ng3+ 29. Kg1 Nxf1 30. Rxf1 Rf6 31. Nxd6 Re7 32. Bg5 Rxf1+ 33. Kxf1 Rd7 34. Nxb7 Rxb7 35. Bc1 c4 36. Bc2 e5 37. Ke2 g6 38. b3 Rc7 39.
b4 d4 40. cxd4 exd4 41. Be4 d3+ 42. Ke3 Kf7 43. Kd4 Ke6 44. Bd5+ Kf5 45. Bxc4 Rd7+ 46. Ke3 Ke5 47. Bb2+ Kf5 48. Bxd3+ Kg5 49. g3 h5 50. Bc1 Kh6 51. Bxa6 Rc7 52. Bd2 Rc6 53.
b5 Rc2 54. Kd3+ 1-0

[Event "*** Titled Tuesday Blitz"]
[Site "Chess.com"]
[Date "2020.04.28"]
[Round "6"]
[White "nabukatnezarr"]
[Black "VALPARAISO37"]
[Result "1-0"]
[WhiteElo "2524"]
[BlackElo "2357"]
[TimeControl "180+1"]
[EndTime "11:07:53 PDT"]
[Termination "nabukatnezarr won by resignation"]

1. d4 Nf6 2. Bg5 c5 3. d5 g6 4. Bxf6 exf6 5. Nc3 d6 6. e3 Bg7 7. g3 f5 8. Nge2 O-O 9. Bg2 Nd7 10. O-O b6 11. a4 a6 12. Rb1 Rb8 13. b4 Bb7 14. b5 a5 15. Na2 Re8 16. Nac1 Ne5 17. Nd3 Nc4 18. Qc1 Qg5 19. Nef4 Qd8 20. Re1 h5 21. h4 Bh6 22. Nb2 Ne5 23. Nfd3 Ng4 24. Nc4 Ba8 25. Qd2 Bg7 26. c3 Re7 27. Rbc1 Nf6 28. f3 Bxd5 29. Ncb2 Ba8 30. c4 d5 31. cxd5 Nxd5 32. Nc4 Nb4 33. Red1 Rd7 34. Nxb4 Rxd2 35. Rxd2 Qe7 36. Nc6 Bxc6 37.
bxc6 Rc8 38. f4 Qe6 39. Rd6 Qe7 40. Rd7 Qe6 41. Rd6 Qe7 42. Kf2 Bf8 43. Rcd1 Qe8 44. Rd7 Qe6 45. Bd5 Rxc6 46. Bxe6 Rxe6 47. Rb7 Bg7 48.
Rd8+ Kh7 49. Rxf7 Re7 50. Rxe7 Kh6 51. Rxg7 Kxg7 52. Nxb6 Kf6 53. Nc4 Ke7 54. Rd5 g5 55. Rxc5 gxh4 56. gxh4 Ke6 57. Rxa5 Kf6 58. Re5 Kg6 59.
a5 1-0

[Event "*** Titled Tuesday Blitz"]
[Site "Chess.com"]
[Date "2020.04.28"]
[Round "6"]
[White "Gyapiking"]
[Black "MeetGoku"]
[Result "1/2-1/2"]
[WhiteElo "2493"]
[BlackElo "2338"]
[TimeControl "180+1"]
[EndTime "11:07:53 PDT"]
[Termination "Game drawn by stalemate"]

1. c4 Nf6 2. g3 g6 3. Bg2 Bg7 4. Nc3 O-O 5. e4 c6 6. Nge2 d5 7. exd5 cxd5 8. cxd5 Na6 9. d4 Nb4 10. Nf4 Bf5 11. O-O Rc8 12. a3 Nc2 13. Ra2 Qb6 14. d6 exd6 15. Nfd5 Nxd5 16. Bxd5 Bxd4 17. g4 Be6 18. Bxe6 fxe6 19. Qxc2 Qc6 20. Qe4 Qxe4 21. Nxe4 d5 22. Ng5 Rxf2 23. Rxf2 Rxc1+ 24. Kg2 Bxf2 25. Kxf2 Rc2+ 26. Kg3 e5 27. Ra1 Rxb2 28. Rc1 Rb3+ 29. Kf2 Rxa3 30. Rc7 Ra2+ 31. Ke3 Ra3+ 32. Kd2 Ra2+ 33.
Kc3 Rxh2 34. Ne6 Rg2 35. g5 h6 36. gxh6 Rh2 37. Rg7+ Kh8 38. Rxg6 Rh3+ 39. Kb4 e4 40. Ng5 a5+ 41. Ka4 b5+ 42. Kxa5 Ra3+ 43. Kxb5 Ra7 44. h7 Ra8 45. Rh6 Kg7 46. Nf7 Rh8 47.
Nxh8 Kxh6 48. Nf7+ Kxh7 49. Kb4 Kg6 50. Nd6 Kg5 51. Kc3 Kf4 52. Kd2 d4 53. Nxe4 Kxe4 54.
Ke2 d3+ 55. Kd2 Kd4 56. Kd1 Ke3 57. Ke1 d2+ 58. Kd1 Kd3 1/2-1/2

[Event "*** Titled Tuesday Blitz"]
[Site "Chess.com"]
[Date "2020.04.28"]
[Round "6"]
[White "Susal_De_Silva"]
[Black "MartinMatthiesen"]
[Result "0-1"]
[WhiteElo "2274"]
[BlackElo "2475"]
[TimeControl "180+1"]
[EndTime "11:07:53 PDT"]
[Termination "MartinMatthiesen won by resignation"]

1. e4 c5 2. Nf3 d6 3. Bb5+ Bd7 4. Bxd7+ Qxd7 5. c4 Nf6 6. Nc3 g6 7. d4 cxd4 8. Nxd4 Bg7 9. O-O O-O 10. h3 Rc8 11. b3 Nc6 12. Be3 Qd8 13. Rc1 a6 14.
Qd2 Rab8 15. Rfd1 Qa5 16. Nd5 Qxd2 17. Rxd2 Nxd5 18. exd5 Nxd4 19. Bxd4 Bh6 20. Be3 Bxe3 21. fxe3 b5 22. Rd4 bxc4 23. Rdxc4 Rxc4 24. Rxc4 a5 25.
e4 Kg7 26. Kf2 Kf6 27. Ke3 Rb7 28. Kd4 Rb5 29. Rc3 g5 30. Rf3+ Kg6 31. Rc3 h5 32. Rc7 Kf6 33. Rc3 Rb4+ 34. Rc4 Rb5 35. Rc3 h4 36.
Rf3+ Kg6 37. Rc3 f6 38. Rc4 g4 39. hxg4 Rb7 40. Ra4 Rb5 41. Kc4 Rc5+ 42. Kd4 Kg5 43. a3 Kxg4 44. b4 axb4 45. axb4 Rc2 46. b5 Rxg2 47. Kc4 Rc2+ 48. Kb3 Rc8 49. e5+ Kg3 50. exd6 exd6 51. Kb4 h3 52. Ra3+ Kg4 53. Ra2 Rh8 54.
b6 h2 55. b7 h1=Q 0-1

[Event "*** Titled Tuesday Blitz"]
[Site "Chess.com"]
[Date "2020.04.28"]
[Round "6"]
[White "ShieldingOff"]
[Black "icychess54"]
[Result "0-1"]
[WhiteElo "2015"]
[BlackElo "2260"]
[TimeControl "180+1"]
[EndTime "11:07:53 PDT"]
[Termination "icychess54 won on time"]

1. d4 d5 2. c4 c6 3. Nf3 Nf6 4. g3 e6 5. Qc2 Nbd7 6. Bg2 Be7 7. O-O O-O 8. b3 Re8 9. Bb2 Nf8 10. Nfd2 b6 11.
cxd5 cxd5 12. Rc1 Ba6 13. e4 Rc8 14. Nc3 dxe4 15. Ndxe4 Qxd4 16. Qb1 Bd3 17. Rc2 Nxe4 18. Nxe4 Bxc2 19. Bxd4 Bxb1 20. Rxb1 Nd7 21. h4 Nf6 22.
Ng5 h6 23. Nf3 Red8 24. Re1 Nd5 25. Ba1 Rc2 26. Nd4 Rxa2 27. Nc6 Rd7 28. Bxd5 exd5 29. Nxe7+ Rxe7 30. Rxe7 Rxa1+ 31. Kg2 d4 32. Rd7 a5 33. Rxd4 Ra3 34. b4 Ra4 35. Rd8+ Kh7 36. bxa5 Rxa5 37.
Rb8 Rb5 38. h5 Rb3 39. Rb7 b5 40. Rxf7 b4 41. f4 Rb1 42. f5 Kg8 43. Rb7 b3 44. g4 Kf8 45. Kh2 b2 46. Kg2 Ke8 47. Kh2 Kd8 48. g5 hxg5 49. f6 gxf6 50. h6 Re1 51. Rxb2 Re8 52. Rb8+ Ke7 0-1

[Event "*** Titled Tuesday Blitz"]
[Site "Chess.com"]
[Date "2020.04.28"]
[Round "6"]
[White "KNVB"]
[Black "Oleksandr_Bortnyk"]
[Result "0-1"]
[WhiteElo "2724"]
[BlackElo "3005"]
[TimeControl "180+1"]
[EndTime "11:07:54 PDT"]
[Termination "Oleksandr_Bortnyk won by resignation"]

1. c4 d6 2. Nc3 e5 3. g3 f5 4. Bg2 Nf6 5. d3 c6 6. e4 Be7 7. Nge2 O-O 8. O-O a5 9. h3 Na6 10. Be3 Be6 11. exf5 Bxf5 12. d4 Qe8 13. g4 Bg6 14. f4 exf4 15. Nxf4 Nb4 16. Rc1 Bd8 17. Qd2 Ne4 18. Nxe4 Bxe4 19. a3 Bxg2 20. Kxg2 Qe4+ 21. Kg1 Na6 22. Rce1 Bh4 23. Bf2 Qxf4 24. Qxf4 Rxf4 25. Bxh4 Rxd4 26. Re7 Rf8 27. Rxf8+ Kxf8 28. Rxb7 Nc5 29. Rc7 Rxc4 30. Be7+ Kg8 31. Bxd6 Rc1+ 32. Kg2 Rc2+ 33. Kf3 Ne6 34. Ra7 Ng5+ 35. Ke3 Rxb2 36. h4 Rb3+ 37. Kd4 Ne6+ 38. Kc4 Rb5 39. a4 Rd5 40. Ba3 Rd4+ 41. Kb3 Rxg4 42. Rxa5 Rxh4 43. Ra8+ Kf7 44. a5 Nd4+ 45. Ka2 Nb5 46. Bb2 h5 47. Kb3 Rh3+ 48.
Kb4 Rh2 49. Kb3 h4 50. a6 Rh3+ 51. Kb4 Rh2 52. Kb3 Rg2 53. Rb8 Rg3+ 54. Kb4 Rg4+ 55. Kb3 h3 56. Rxb5 cxb5 57. a7 Ra4 58. Bd4 h2 0-1

[Event "*** Titled Tuesday Blitz"]
[Site "Chess.com"]
[Date "2020.04.28"]
[Round "6"]
[White "Majesth"]
[Black "korkmaz16"]
[Result "1-0"]
[WhiteElo "2475"]
[BlackElo "2280"]
[TimeControl "180+1"]
[EndTime "11:07:54 PDT"]
[Termination "Majesth won by resignation"]

1. d4 Nf6 2. Nc3 d5 3. Bf4 a6 4.
e3 c5 5. Nf3 Nc6 6. Be2 c4 7.
Ne5 Bf5 8. O-O e6 9. Nxc6 bxc6 10. Na4 Bd6 11. Bxd6 Qxd6 12. b3 Qa3 13. Nc5 c3 14. f3 O-O 15. Bd3 Bg6 16. Bxg6 hxg6 17. Qd3 e5 18. Qxc3 exd4 19. exd4 Rfe8 20. Rfe1 a5 21.
Kf2 Qb4 22. Qd3 g5 23. a3 Qb6 24. h3 Qc7 25. Qf5 Qf4 26. Qxf4 gxf4 27. h4 Kf8 28. a4 Rab8 29. Nd3 Nh5 30. Re5 f6 31. Rxh5 Kf7 32. Nxf4 Re7 33. Re1 Rbe8 34. Rxe7+ Rxe7 35. g4 Rb7 36. Rh8 Rb4 37. Ke3 c5 38. Rd8 cxd4+ 39. Kd3 Rb7 40. Rxd5 g6 41. Rxd4 g5 42. Nd5 Kg6 43.
Re4 f5 44. Re6+ Kf7 45. gxf5 gxh4 46. Rf6+ Kg7 47. Rg6+ Kh7 48. Rg4 h3 49. Rh4+ Kg7 50. Rxh3 Kf7 51. Rh7+ Kf8 52. Rxb7 1-0

[Event "*** Titled Tuesday Blitz"]
[Site "Chess.com"]
[Date "2020.04.28"]
[Round "6"]
[White "pooh2012"]
[Black "karwowskikacper"]
[Result "0-1"]
[WhiteElo "2492"]
[BlackElo "2351"]
[TimeControl "180+1"]
[EndTime "11:07:54 PDT"]
[Termination "karwowskikacper won by resignation"]

1. Nf3 Nf6 2. g3 g6 3. b3 Bg7 4. Bb2 O-O 5. Bg2 c6 6. O-O d5 7. c4 dxc4 8. bxc4 Be6 9. d3 Qc8 10. Nbd2 Rd8 11. Rb1 Na6 12. Ng5 Nc7 13. Nxe6 Nxe6 14.
Nf3 Rb8 15. Qa4 a6 16. Be5 Ra8 17. Qa3 Qd7 18. Ba1 b5 19. Ne5 Qd6 20. Qxd6 Rxd6 21. Nxc6 Re8 22. cxb5 axb5 23. Rxb5 Nd7 24. Bxg7 Kxg7 25.
a4 Kf6 26. a5 Rc8 27. Nb4 Nd4 28. Nd5+ Kg7 29. Nxe7 Re8 30. Rb2 Rxe7 31. e3 Ne6 32. d4 Nf6 33. Ra1 Ra7 34. Rb7 Rd7 35. Rxa7 Rxa7 36. a6 Nc7 37. Bf1 Nfe8 38. e4 Kf6 39. e5+ Ke7 40. f4 Na8 41. Kf2 Nec7 42. Ke3 Nb6 43. Ke4 Nbd5 44. Rc1 Nb4 45. Rb1 Nbxa6 46. d5 Nc5+ 47. Kd4 Nb7 48. d6+ Nxd6 49. exd6+ Kxd6 50. Rb6+ Ke7 51. Bc4 Ne8 52. Ke5 Ra5+ 53. Kd4 Nd6 54. Bd3 Ra4+ 55. Ke3 Ra7 56. g4 h5 57. gxh5 gxh5 58. Rb1 Kf6 59. Rg1 Ra5 60. h3 Nf5+ 61. Kf3 Nd4+ 62. Ke3 Nf5+ 63. Kf3 Ra3 64. Ke4 Nd6+ 65.
Kd4 Nf5+ 66. Ke4 Ra4+ 67. Kf3 Ra3 68. Ke2 Nd4+ 69. Ke3 Nf5+ 70. Kd2 Nh4 71. Rg3 Ra2+ 72. Ke3 Rh2 73. Be2 Nf5+ 0-1

[Event "*** Titled Tuesday Blitz"]
[Site "Chess.com"]
[Date "2020.04.28"]
[Round "6"]
[White "Fandorine"]
[Black "Rumpel-VK"]
[Result "1-0"]
[WhiteElo "2879"]
[BlackElo "2613"]
[TimeControl "180+1"]
[EndTime "11:07:56 PDT"]
[Termination "Fandorine won on time"]

1. e4 c5 2. Nf3 Nc6 3. Bb5 d6 4. d4 cxd4 5. Qxd4 Bd7 6. Qd3 g6 7. O-O Bg7 8. c4 Nf6 9. Nc3 O-O 10. h3 Rc8 11. Be3 a6 12. Bxc6 bxc6 13. Rfd1 Rb8 14. Rab1 Qa5 15. b3 Ng4 16. Bd4 Ne5 17. Nxe5 Bxe5 18.
Bxe5 Qxe5 19. Rbc1 Be6 20. Ne2 c5 21. Nc3 Rfe8 22.
Re1 Qg5 23. Rcd1 h5 24. Nd5 Rbd8 25. Nc7 Rf8 26. Nxe6 fxe6 27. e5 dxe5 28. Qxd8 Rxd8 29. Rxd8+ Kf7 30. Rd3 Kf6 31. Rf3+ Kg7 32. Rfe3 Kf6 33. R1e2 h4 34. f3 Qf4 35. Kf1 Qd4 36. Re4 Qa1+ 37.
Kf2 g5 38. Rxe5 Qxe5 39. Rxe5 Kxe5 40. Ke3 a5 41. a3 Kf5 42. Kd3 e5 43. Kc3 e4 44.
fxe4+ Kxe4 45. b4 cxb4+ 46. axb4 axb4+ 47. Kxb4 e5 48. c5 Kd5 49. Kb5 e4 50. c6 Kd6 51.
Kb6 e3 52. c7 e2 53. c8=Q e1=Q 54. Qd8+ 1-0

[Event "*** Titled Tuesday Blitz"]
[Site "Chess.com"]
[Date "2020.04.28"]
[Round "6"]
[White "gvanna"]
[Black "svilson23"]
[Result "1-0"]
[WhiteElo "2468"]
[BlackElo "2231"]
[TimeControl "180+1"]
[EndTime "11:07:56 PDT"]
[Termination "gvanna won on time"]

1. e4 c5 2. Nf3 Nc6 3. Nc3 g6 4. d4 cxd4 5. Nxd4 Bg7 6. Be3 Nf6 7. Bc4 O-O 8. Bb3 d6 9. f3 a6 10. Qd2 Bd7 11. O-O-O Nxd4 12. Bxd4 b5 13. h4 b4 14. Nd5 Nxd5 15. Bxg7 Kxg7 16. Bxd5 Rb8 17. h5 Rh8 18. Qd4+ f6 19. h6+ Kf8 20. f4 Qc7 21. Rhe1 e6 22. Bb3 Ke7 23. g4 Qc5 24. Qxc5 dxc5 25.
e5 f5 26. g5 Bb5 27. c4 bxc3 28. bxc3 Rhd8 29. Rd6 c4 30. Rxd8 Rxd8 31. Bc2 Rd5 32.
Re2 Kd7 33. Kb2 Kc6 34. a4 Kc5 35. axb5 axb5 36. Kc1 b4 37. cxb4+ Kxb4 38. Re3 Rd4 39. Rf3 Kc5 40. Kb2 Rd2 41. Kc3 Re2 42. Rf1 Re3+ 43.
Kd2 Ra3 44. Rb1 Rf3 45. Rb7 Rxf4 46. Rxh7 Kd4 47. Rd7+ Kxe5 48. h7 Rf2+ 49. Kc3 Rh2 50. Ba4 Kf4 51. Kxc4 Kxg5 52. Kd4 Kf6 53. Bb3 g5 54. Ke3 Kg6 55. Bxe6 f4+ 56. Kf3 Kf6 57. Bg4 1-0

[Event "*** Titled Tuesday Blitz"]
[Site "Chess.com"]
[Date "2020.04.28"]
[Round "6"]
[White "MariaFominykh"]
[Black "MarcoRiehle"]
[Result "1-0"]
[WhiteElo "2418"]
[BlackElo "2555"]
[TimeControl "180+1"]
[EndTime "11:07:56 PDT"]
[Termination "MariaFominykh won by resignation"]

1. d4 d5 2. c4 e6 3. Nf3 Nf6 4. Nc3 dxc4 5. e3 a6 6. a4 c5 7. Bxc4 Nc6 8. O-O cxd4 9. exd4 Nb4 10. Bg5 Be7 11. h3 O-O 12. Bb3 h6 13. Bd2 Bd7 14.
Rc1 Rc8 15. Qe2 Bc6 16. Ne5 Qxd4 17. Nxc6 Nxc6 18. Rfd1 Qh4 19. Be3 Rfd8 20. Bb6 Nd4 21. Bxd4 Rxd4 22. Nd5 Rxd1+ 23. Qxd1 Re8 24. Nxe7+ Rxe7 25. Rc8+ Kh7 26. Bc2+ g6 27. Qd6 Ne8 28. Qd8 Qf6 29.
Qb6 Kg7 30. Be4 h5 31. Bxb7 Qe5 32. Bxa6 Nd6 33. Rc1 Ne4 34. Qe3 Qf5 35. Bd3 Rd7 36. Bxe4 Qe5 37. Qc3 Qxc3 38. Rxc3 Ra7 39. b3 f5 40. Bd3 e5 41. Rc5 e4 42. Bc4 Kf6 43.
a5 f4 44. a6 g5 45. Rc6+ Ke5 46. Rb6 Rd7 47. Rb7 Rd1+ 48. Kh2 Ra1 49. a7 g4 50. hxg4 hxg4 51. Rb5+ Kd4 52. Rd5+ Kc3 53. Rd7 e3 54. fxe3 g3+ 55. Kh3 Rh1+ 56. Kg4 f3 57. Kxf3 Rh8 58. Kxg3 1-0

[Event "*** Titled Tuesday Blitz"]
[Site "Chess.com"]
[Date "2020.04.28"]
[Round "6"]
[White "Kildepiotr"]
[Black "DryCounty"]
[Result "0-1"]
[WhiteElo "2573"]
[BlackElo "2763"]
[TimeControl "180+1"]
[EndTime "11:07:57 PDT"]
[Termination "DryCounty won by checkmate"]

1. Nf3 Nf6 2. g3 g6 3. Bg2 Bg7 4. O-O O-O 5. d4 d6 6. Nbd2 Nc6 7. e4 e5 8. dxe5 dxe5 9. c3 Qe7 10. b4 a5 11. b5 Nb8 12. a4 Rd8 13. Ba3 Qe8 14.
Qc2 Bf8 15. Bxf8 Kxf8 16. Nc4 Nbd7 17. Rad1 Kg7 18. Nfxe5 Nxe5 19. Rxd8 Qxd8 20. Nxe5 Qe7 21. Nd3 Be6 22. Nf4 Bc4 23. Re1 Qe5 24. Qd2 Re8 25. Qd4 Bb3 26. Qxe5 Rxe5 27. Nd3 Re7 28. Nc5 Bc2 29. e5 Nd7 30. Nxd7 Rxd7 31. Bxb7 Bxa4 32. Bc6 Rd1 33. Kf1 Rd2 34. e6 fxe6 35. Rxe6 Kf7 36.
Re8 Rb2 37. Rb8 Ke7 38. c4 Kd6 39. Bd5 Bxb5 40. Rd8+ Kc5 41. cxb5 Rd2 42. Rc8 Rxd5 43. Rxc7+ Kxb5 44. Rxh7 a4 45. Ra7 Kb4 46. h4 Ra5 47.
Rb7+ Kc3 48. Rb1 a3 49. Kg2 a2 50. Rf1 a1=Q 51. Rxa1 Rxa1 52. Kf3 Kd4 53. Kf4 Ra5 54. g4 Kd5 55. Kg5 Ke4+ 56. Kxg6 Kf4 57. g5 Ra6+ 58.
Kf7 Kf5 59. f4 Ra7+ 60. Kf8 Kg6 61. Kg8 Ra8# 0-1